 Dungeon Crawl Stone Soup version 0.30-a0-948-g4fa250aae5 (webtiles) character file.

Game seed: 8113449467369195020

9 Iniera the Conjurer (level 2, 0/19 HPs)
             Began as a Demonspawn Conjurer on Mar 27, 2023.
             Slain by a goblin
             ... wielding a +0 club
              (3 damage)
             ... on level 1 of the Dungeon.
             The game lasted 00:01:11 (214 turns).

Iniera the Conjurer (Demonspawn Conjurer)            Turns: 214, Time: 00:01:12

Health: 0/19       AC:  3    Str:  7    XL:     2   Next: 3%
Magic:  0/5        EV: 12    Int: 19    God:
Gold:   5          SH:  0    Dex: 11    Spells: 4/5 levels left

rFire   . . .      SeeInvis .    (no weapon)
rCold   . . .      Faith    .    (no shield)
rNeg    . . .      Spirit   .    a - +0 robe
rPois   .          Reflect  .    (no helmet)
rElec   .          Rampage  .    (no cloak)
rCorr   .                        c - +0 pair of gloves
Will    .....                    (no boots)
Stlth   ++                       (no amulet)
HPRegen 0.23/turn                (no ring)
MPRegen 0.09/turn                (no ring)

@: no status effects
A: powered by pain 1
a: no special abilities


You were on level 1 of the Dungeon.
You visited 1 branch of the dungeon, and saw 1 of its levels.

You collected 5 gold pieces.

Inventory:

Armour
 a - a +0 robe (worn)
 c - a +0 pair of gloves (worn)


   Skills:
 - Level 1.7 Dodging
 - Level 1.7 Stealth
 + Level 2.0 Spellcasting
 + Level 4.4 Conjurations


You had 4 spell levels left.
You knew the following spells:

 Your Spells              Type           Power      Damage    Failure   Level
a - Magic Dart            Conj           72%        1d6       2%          1

Your spell library contained the following spells:

 Spells                   Type           Power      Damage    Failure   Level
 Searing Ray              Conj           36%        2d5       4%          2
 Dazzling Flash           Conj/Hex       20%        N/A       21%         3
 Fulminant Prism          Conj/Hex       5%         3d7       56%         4
 Iskenderun's Mystic Bla  Conj/Tloc      10%        2d4       56%         4


Dungeon Overview and Level Annotations

Branches:
Dungeon (1/15)

Altars:


Innate Abilities, Weirdness & Mutations

You sometimes gain a little power by taking damage.


Message History

The kobold is severely wounded.
The kobold closely misses you.
You closely miss the kobold.
The kobold is severely wounded.
The kobold hits you with a +2 dagger of protection.
You hit the kobold but do no damage.
The kobold is severely wounded.
The kobold barely misses you. The kobold attacks as you move away!
The kobold hits you with a +2 dagger of protection.
* * * LOW HITPOINT WARNING * * *
Found a robe.
Found a stone staircase leading down.
The kobold attacks as you move away! The kobold hits you but does no damage.
Found a scroll labelled VYFEZX ZAASMIA.
The kobold attacks as you move away! The kobold hits you but does no damage.
A dart slug comes into view.
Casting: Magic Dart (safe; 2% risk of failure)
Confirm with . or Enter, or press ? or * to list all spells.
Aiming: Magic Dart (safe; 2% risk of failure)
Press: ? - help, Shift-Dir - straight line, f/p - kobold
Aim: a kobold, wielding a +2 dagger of protection (severely wounded, 100% to hit)
The magic dart hits the kobold.
You kill the kobold!
The dart slug launches a dart at you. The slug dart misses you.
You have reached level 2!
Your demonic ancestry asserts itself...
You feel energised by your suffering. The goblin attacks as you move away!
The goblin hits you but does no damage. The dart slug launches a dart at you.
The slug dart hits you.
* * * LOW HITPOINT WARNING * * *
The goblin attacks as you move away! The goblin hits you but does no damage.
The goblin attacks as you move away! The goblin barely misses you.
You aren't carrying any potions.
You aren't carrying any scrolls.
Unknown command.
You closely miss the goblin. The goblin hits you with a +0 club.
You die...

#....# .#.. #?..#
#####...# #.
#.>.###......#
..#[#.........# >##
#.#.#.........###
...##
#.#.#.###........
⌠.... #...#)#
#.....### ..⌠..
#....# #g.....!.
....⌠ ##...#
#@......# .....
#..#.# #####.#.#
##..
#.##.#######.#.####
###
#........†...#>#..
#
####...####..#...##
## ###..# #..##$..#
##. #..#
#..##...#####..
#..#
##....#.##.....
#..# #...†.....###.


You could see a goblin.

Vanquished Creatures
  4 jackals (D:1)
  A kobold (D:1)
  A quokka (D:1)
  A ball python (D:1)
7 creatures vanquished.

Notes
Turn   | Place    | Note
-------+----------+-------------------------------------------
     0 | D:1      | Iniera the Demonspawn Conjurer began the quest for the Orb.
     0 | D:1      | Reached XP level 1. HP: 13/13 MP: 3/3
   207 | D:1      | Gained mutation: You sometimes gain a little power by
                  | taking damage. [demonic ancestry]
   207 | D:1      | Reached XP level 2. HP: 3/19 MP: 0/5
   214 | D:1      | Slain by a goblin

Illustrated notes

Levels and vault maps discovered:
D:1:      dpeg_arrival_leaves_temple_mockup, layout_rooms

Action                     || total
---------------------------++-------
  Melee: Unarmed           ||    44
         Punch             ||     1
   Cast: Magic Dart        ||    19
    Use: Potion            ||     1
 Armour: Robe              ||    23
  Dodge: Dodged            ||    72

Table legend: (Time is in decaauts)
 A = Elapsed time spent in this place.
 B = Non-inter-level travel time spent in this place.
 C = Inter-level travel time spent in this place.
 D = Time resting spent in this place.
 E = Time spent auto-exploring this place.
 F = Levels seen in this place.
 G = Mean time per level.
                   A        B        C        D        E       F      G
               +--------+--------+--------+--------+--------+-----+--------+
         Total |    214 |    214 |      0 |     36 |     50 |   1 |  214.0 |
       Dungeon |    214 |    214 |      0 |     36 |     50 |   1 |  214.0 |
               +--------+--------+--------+--------+--------+-----+--------+

Top non-repeatable levels by time:
     D:1: 214 daAuts
